Map: Thunderbird LE

Players

pHARM

  • Race: Zerg Zerg
  • League: Platinum
  • Spawn Location: 11:00

Ezra - Winner!

  • Race: Protoss Protoss
  • League: Gold
  • Spawn Location: 5:00

VOD

Have the link to the VOD?

Description

Time

  • Played on: Sept. 1, 2019, 3:48 p.m.
  • Length: 18:31
Show
View Real Time Build Order
Export as new Build Order

pHARM Zerg 

Build Orders: Hatch First, Roach Hydra 

Get SALT Encoding   

  12  0:01  Drone  
  13  0:10  Drone  
  14  0:14  Extractor  
  14  0:18  Overlord  
  14  0:25  Drone, Extractor  
  15  0:37  Drone x2  
  17  0:55  Hatchery  
  16  1:09  Drone x3  
  19  1:24  Spawning Pool  
  18  1:27  Drone  
  19  1:50  Extractor  
  18  2:16  Queen x2  
  18  2:18  Drone x4  
  26  2:28  Drone  
  27  2:39  Hatchery  
  27  2:43  Zergling x2  
  27  2:45  Zergling x2  
  27  2:50  Overlord x2  
  28  2:59  Metabolic Boost  
  28  3:10  Drone x4  
  32  3:16  Drone x2  
  34  3:33  Lair  
  34  3:41  Roach Warren, Drone x3  
  33  3:42  Evolution Chamber  
  33  3:43  Evolution Chamber, Drone  
  33  3:45  Drone  
  33  3:47  Drone  
  37  3:49  Drone  
  38  4:05  Drone x3  
  41  4:12  Drone  
  41  4:17  Queen  
  42  4:19  Zerg Missile Weapons Level 1  
  42  4:23  Extractor  
  43  4:24  Extractor  
  43  4:25  Drone  
  43  4:26  Drone x7  
  50  4:45  Glial Reconstitution  
  50  5:21  Overlord x5  
  50  5:22  Overlord x7  
  50  5:40  Roach  
  50  5:41  Roach x7  
  66  5:48  Pneumatized Carapace  
  66  6:00  Zerg Ground Armor Level 1  
  66  6:02  Roach x6  
  78  6:05  Drone x3  
  81  6:13  Roach x3  
  87  6:23  Drone x4  
  88  6:33  Spore Crawler  
  88  6:34  Overseer, Spine Crawler  
  83  6:41  Drone  
  83  6:42  Drone x8  
  85  7:15  Drone x11  
  95  7:19  Spore Crawler, Spine Crawler  
  94  7:35  Hydralisk Den  
  93  7:48  Zerg Missile Weapons Level 2  
  93  7:54  Drone x4  
  93  7:56  Infestation Pit  
  93  7:57  Extractor  
  95  8:01  Extractor  
  95  8:02  Extractor  
  93  8:08  Zerg Ground Armor Level 2  
  93  8:10  Grooved Spines  
  93  8:14  Drone x8, Hatchery  
  100  8:35  Drone x2  
  100  8:39  Hive  
  102  8:56  Hydralisk  
  102  8:57  Hydralisk x6  
  116  9:09  Hydralisk x3  
  122  9:10  Hydralisk  
  122  9:14  Drone x3  
  127  9:21  Muscular Augments  
  127  9:47  Hatchery  
  126  10:11  Hydralisk x12  
  126  10:13  Spire, Overlord x5  
  149  10:16  Queen  
  149  10:51  Extractor  
  149  10:56  Hydralisk x6  
  149  10:57  Hydralisk x9  
  150  11:02  Overseer x2  
  174  11:33  Greater Spire  
  174  11:40  Queen x2  
  174  11:41  Hydralisk  
  174  11:42  Hydralisk x4  
  174  11:43  Overlord  
  174  11:44  Overlord x8  
  188  12:27  Corruptor x8  
  172  12:32  Corruptor  
  172  12:33  Zergling x2  
  172  12:34  Zergling x14  
  140  12:44  Roach x4  
  93  13:15  Hydralisk  
  93  13:16  Hydralisk x11  
  114  13:37  Overseer x2  
  114  13:38  Overseer  
  110  13:47  Hydralisk x7  
  118  13:55  Spore Crawler  
  111  13:58  Overseer  
  95  14:10  Drone x9  
  95  14:11  Drone x6  
  108  14:22  Extractor  
  107  14:27  Spore Crawler  
  107  14:28  Spine Crawler  
  105  14:47  Spore Crawler  
  105  14:48  Spine Crawler  
  103  14:53  Brood Lord x5  
  103  14:56  Zergling x14  
  103  14:57  Zergling x20  
  128  15:18  Drone x9  
  130  15:43  Extractor  
  113  16:01  Drone x17  
  113  16:02  Drone x5  
  94  16:37  Zergling x2, Hatchery  
  94  16:38  Zergling x28  
  88  16:48  Ultralisk Cavern  
  62  17:08  Roach  
  62  17:09  Roach x7  
  67  17:35  Ultralisk x4  
  62  17:52  Ultralisk  
Show
View Real Time Build Order
Export as new Build Order

Ezra Protoss - Winner!

Build Orders:  

Get SALT Encoding   

  12  0:01  Probe  
  13  0:13  Probe  
  14  0:17  Pylon  
  14  0:24  Probe  
  15  0:32  Probe  
  15  0:39  Gateway  
  15  0:40  Probe  
  17  0:51  Probe  
  17  0:54  Pylon  
  18  1:03  Probe, Assimilator  
  19  1:14  Gateway  
  19  1:16  Probe  
  20  1:31  Cybernetics Core  
  20  1:32  Probe  
  21  1:44  Pylon, Probe  
  22  1:56  Probe  
  23  2:03  Assimilator  
  23  2:06  Warp Gate  
  23  2:17  Probe  
  23  2:21  Zealot x2  
  28  2:26  Pylon  
  28  2:37  Pylon  
  28  2:38  Probe  
  29  2:47  Assimilator  
  29  2:48  Adept x2  
  33  3:09  Forge  
  33  3:10  Gateway  
  33  3:18  Gateway  
  33  3:23  Nexus  
  33  3:24  Probe  
  33  3:32  Probe  
  34  3:35  Twilight Council  
  34  3:41  Protoss Ground Weapons Level 1  
  35  3:42  Probe  
  36  3:54  Probe  
  37  4:01  Pylon  
  37  4:06  Probe  
  38  4:11  Robotics Facility  
  38  4:16  Probe  
  39  4:25  Probe  
  40  4:33  Probe  
  40  4:37  Dark Shrine  
  41  4:44  Probe  
  41  4:45  Probe  
  43  4:56  Probe  
  43  4:59  Assimilator  
  44  5:11  Observer, Probe  
  44  5:14  Probe  
  44  5:19  Probe  
  47  5:26  Pylon, Probe  
  49  5:31  Probe  
  49  5:33  Charge  
  49  5:35  Pylon  
  50  5:38  Probe  
  50  5:41  Assimilator  
  51  5:43  Probe  
  51  5:44  Pylon  
  52  5:51  Pylon  
  52  6:00  Probe x2  
  54  6:10  Dark Templar x3  
  60  6:12  Probe  
  61  6:32  Probe x2, Protoss Ground Weapons Level 2  
  63  6:38  Immortal, Templar Archives  
  67  6:41  Pylon  
  67  6:44  Probe  
  66  6:55  Nexus  
  66  6:57  Pylon  
  64  7:12  Robotics Bay  
  64  7:13  Stalker  
  64  7:17  Immortal, Pylon  
  68  7:31  Stalker x3  
  74  7:37  Probe  
  74  7:38  Psionic Storm, Probe  
  74  7:41  Zealot  
  78  7:49  Probe  
  79  7:54  Gateway  
  79  7:55  Warp Prism, Probe  
  79  7:56  Gateway, Dark Templar  
  79  7:57  Gateway  
  83  8:02  Zealot x3, Probe  
  83  8:03  Gateway, Probe  
  92  8:18  Probe  
  92  8:19  Probe x2  
  93  8:25  Zealot x2  
  97  8:27  High Templar  
  97  8:29  High Templar  
  97  8:32  Observer  
  102  8:40  Forge, Probe  
  102  8:41  Probe x2  
  105  8:49  Pylon  
  105  8:52  Probe  
  105  8:53  High Templar, Pylon, Probe x2  
  110  8:55  Zealot x2  
  110  8:56  Protoss Ground Armor Level 1  
  110  8:59  Pylon  
  110  9:01  Zealot  
  116  9:03  Pylon  
  116  9:05  Probe  
  116  9:07  Probe  
  116  9:08  Pylon  
  118  9:11  Protoss Ground Weapons Level 3  
  118  9:13  Sentry  
  118  9:14  Zealot x2  
  118  9:15  Zealot  
  126  9:23  Zealot x3  
  132  9:40  Probe  
  132  9:41  Zealot x4  
  132  9:42  Zealot  
  132  9:43  Probe x2  
  145  9:48  Probe, Assimilator  
  145  9:50  Photon Cannon  
  145  9:51  Colossus  
  146  9:53  Assimilator  
  146  9:55  Probe x2  
  154  10:08  Zealot  
  156  10:17  Pylon  
  156  10:23  Pylon  
  156  10:34  Pylon  
  156  10:36  Pylon  
  156  10:39  Nexus  
  156  10:40  Pylon  
  156  10:42  Pylon  
  156  10:44  Colossus  
  156  10:48  High Templar  
  156  10:49  High Templar  
  166  10:50  High Templar  
  166  10:51  Zealot x2  
  166  10:52  Zealot  
  174  10:59  Assimilator  
  174  11:00  Pylon  
  174  11:03  Pylon, Assimilator  
  174  11:34  High Templar x2  
  174  11:35  High Templar  
  174  11:36  High Templar  
  182  11:50  Archon x2  
  182  11:59  Protoss Ground Armor Level 2  
  182  12:00  Protoss Shields Level 1  
  182  12:13  Photon Cannon  
  182  12:15  Photon Cannon  
  182  12:16  Stalker x3  
  182  12:17  Shield Battery, Zealot x2  
  182  12:18  Zealot x3  
  182  12:22  Photon Cannon  
  198  12:27  Photon Cannon x2  
  198  12:29  Pylon  
  164  12:34  Observer  
  116  12:58  Zealot x7  
  124  12:59  Zealot  
  110  13:26  Zealot  
  110  13:27  Zealot x3, Dark Templar  
  120  13:38  Gravitic Boosters  
  118  13:42  Zealot x3  
  118  13:53  Gateway  
  118  13:54  Gateway  
  109  14:03  Zealot x5  
  117  14:10  High Templar x3  
  121  14:17  Gateway  
  121  14:19  Gateway  
  121  14:21  Gateway  
  121  14:24  Gateway  
  121  14:25  Gateway  
  121  14:27  Gateway  
  121  14:30  Stalker x2  
  121  14:31  Zealot, Stalker x2  
  129  14:36  Gravitic Drive  
  131  14:42  Pylon  
  131  14:44  Zealot, Dark Templar  
  135  14:50  Zealot  
  137  15:04  High Templar  
  137  15:05  Zealot x3, High Templar  
  137  15:06  Zealot x3  
  149  15:14  Zealot  
  149  15:15  Zealot x2  
  149  15:20  Pylon  
  149  15:28  Stargate  
  149  15:30  Stalker x3  
  149  15:31  Stargate, Stalker  
  149  15:33  Extended Thermal Lance  
  155  15:39  Stargate  
  155  15:50  Zealot x3  
  155  15:51  Zealot x2  
  163  16:11  Stalker x6  
  161  16:12  Stalker x5  
  161  16:13  Stalker  
  161  16:14  Nexus  
  181  16:25  Dark Templar  
  166  16:50  Dark Templar  
  168  17:05  Dark Templar  
  160  17:38  Zealot x2  
  160  17:39  Zealot x2  
  162  17:52  Nexus  
  162  18:00  Stalker x2  
  162  18:04  Pylon  
Tags
 
Composition
Roach Hydra
Matchup
PvZ
Replay Pack
10.7.19
Spawn Locations
Cross Positions
Add a new tag
Caveats
  • Supply blocks, unpowered buildings, or Contaminate may cause inaccurate times.
  • Supply counts are checked every 10 seconds.